 Dungeon Crawl Stone Soup version 0.30-a0-141-g30f27751c5 (webtiles) character file.

Game seed: 15943573031705454941

58 qw the Chopper (level 4, -1/28 HPs)
             Began as a Gargoyle Fighter on Sept 25, 2022.
             Was an Initiate of Okawaru.
             Slain by Sigmund
             ... wielding a +3 scythe of protection
              (5 damage)
             ... on level 3 of the Dungeon.
             The game lasted 00:00:35 (1544 turns).

qw the Chopper (Gargoyle Fighter)                   Turns: 1544, Time: 00:00:35

Health: -1/28      AC: 13    Str: 22    XL:     4   Next: 1%
Magic:  4/4        EV: 10    Int:  8    God:    Okawaru [......]
Gold:   1049       SH:  4    Dex:  9    Spells: 3/3 levels left

rFire   + . .      SeeInvis .    Y - +1 war axe
rCold   + . .      Faith    .    c - +0 buckler
rNeg    + . .      Spirit   .    f - +2 ring mail {rF+}
rPois   inf        Reflect  .    o - +1 helmet
rElec   +          Harm     .    m - scarf {repulsion}
rCorr   .          Rampage  .    (no gloves)
Will    .....                    (no boots)
Stlth   ..........               (no amulet)
HPRegen 0.09/turn                l - ring of protection from cold
MPRegen 0.09/turn                (no ring)

@: repel missiles
A: sickness immunity, AC +3, negative energy resistance 1, electricity
resistance, torment resistance 1, petrification resistance
a: Renounce Religion


You were on level 3 of the Dungeon.
You worshipped Okawaru.
Okawaru was noncommittal.
You visited 1 branch of the dungeon, and saw 3 of its levels.

You collected 1049 gold pieces.


Innate Abilities, Weirdness & Mutations

You are immune to sickness and miasma.
Your stone body is resilient. (AC +3)
You are immune to poison.
You resist negative energy. (rN+)
You are resistant to electric shocks. (rElec)
You are resistant to unholy torment.
You are immune to petrification.


   Skills:
 - Level 3.2 Fighting
 + Level 3.8 Axes
 - Level 3.2 Armour
 - Level 3.2 Shields


You had 3 spell levels left.
You didn't know any spells.
Your spell library was empty.

Inventory:

Hand Weapons
 k - a +0 mace
 Y - a +1 war axe (weapon)
Armour
 c - a +0 buckler (worn)
 f - a +2 ring mail of fire resistance (worn)
 m - a scarf of repulsion (worn)
 o - a +1 helmet (worn)
Jewellery
 l - a ring of protection from cold (left hand)
Scrolls
 j - a scroll of identify
Potions
 a - a potion of brilliance {unknown}
 b - a potion of curing {unknown}
 d - a potion of might
 e - a potion of degeneration {unknown}
 g - a potion of attraction {unknown}
 h - a potion of lignification {unknown}
 i - a potion of ambrosia {unknown}
 n - a potion of heal wounds {unknown}
 p - 2 potions of haste

Dungeon Overview and Level Annotations

Branches:
Dungeon (3/15)

Altars:
Okawaru
The Shining One

Annotations:
D:3 Sigmund


Message History

You slash Sigmund!
Sigmund is moderately wounded.
Sigmund hits you with a +3 scythe of protection.
You slash Sigmund!
Sigmund is heavily wounded.
You closely miss Sigmund.
Sigmund is heavily wounded.
Sigmund barely misses you.
You closely miss Sigmund.
Sigmund is heavily wounded.
Sigmund hits you with a +3 scythe of protection.
You closely miss Sigmund.
Sigmund is heavily wounded.
Sigmund hits you with a +3 scythe of protection.
You barely miss Sigmund.
Sigmund is heavily wounded.
Sigmund mumbles some strange words.
Sigmund flickers and vanishes!
Deactivating autopickup; reactivate with Ctrl-A.
1533 ||| FLEEEEING.
Something hits you but does no damage.
You hear some strange, mumbled words.
You are confused.
You bump into the rock wall.
You bump into the rock wall.
Something hits you.
You're too confused to move!
Something hits you but does no damage.
You hit the goblin.
You kill the goblin!
Okawaru accepts your kill.
You feel less confused. Something hits you.
You have reached level 4!
You feel stronger.
You hear some strange, mumbled words.
Something tries to affect you, but you resist.
You swing at nothing.
You swing at nothing.
Something hits you.
You die...

.........
.......#######
#.........#
#...# #...#
#.).# ## #..##
#. ..# #..#
... ..
#@.####...
#.#.........
#.........#
#######.#.##.#
..........# #
#######.####
#....# ####.#
#.#


There were no monsters in sight!

Vanquished Creatures
  2 adders (D:2)
  A worm (D:3)
  2 dart slugs
  4 bats
  5 endoplasms
  5 goblins
  3 hobgoblins (D:1)
  5 ball pythons
  2 kobolds
  3 rats
32 creatures vanquished.

Vanquished Creatures (others)
  A fungus (D:1)
  A plant (D:1)
2 creatures vanquished.

Grand Total: 34 creatures vanquished

Notes
Turn   | Place    | Note
-------+----------+-------------------------------------------
     0 | D:1      | qw the Gargoyle Fighter began the quest for the Orb.
     0 | D:1      | Reached XP level 1. HP: 14/14 MP: 1/1
     0 | D:1      | 0 ||| qw: Version: 0.2-a-10-g399e6c4
     0 | D:1      | 0 ||| qw: Game counter: 192
     0 | D:1      | 0 ||| qw: Always use a shield: true
     0 | D:1      | 0 ||| qw: God list: Okawaru
     0 | D:1      | 0 ||| qw: Allow faded altars: false
     0 | D:1      | 0 ||| qw: Do Orc after D:15 true
     0 | D:1      | 0 ||| qw: Do second Lair branch before Depths: true
     0 | D:1      | 0 ||| qw: Lair rune preference: random
     0 | D:1      | 0 ||| qw: Plans: Normal, Zot:1-4, God:TSO, Crypt, Tomb,
                  | Pan, Slime:5, Hells, Abyss, Orb
     0 | D:1      | 0 ||| PLANNING D:1-11
   201 | D:1      | Reached XP level 2. HP: 19/19 MP: 2/2
   202 | D:1      | 202 ||| Stepping ~*~*~tactically~*~*~ (hiding).
   207 | D:1      | 207 ||| Stepping ~*~*~tactically~*~*~ (hiding).
   265 | D:1      | 265 ||| Stepping ~*~*~tactically~*~*~ (stealth).
   268 | D:1      | 268 ||| Stepping ~*~*~tactically~*~*~ (stealth).
   271 | D:1      | 271 ||| Stepping ~*~*~tactically~*~*~ (stealth).
   280 | D:1      | 280 ||| Stepping ~*~*~tactically~*~*~ (stealth).
   346 | D:1      | Found a faded altar of an unknown god.
   551 | D:1      | Reached skill level 3 in Axes
   631 | D:1      | Reached XP level 3. HP: 23/23 MP: 3/3
   671 | D:1      | 671 ||| UPGRADING to scarf of repulsion.
   676 | D:1      | 676 ||| UPGRADING to +0 helmet.
   681 | D:1      | 681 ||| UPGRADING to ring of protection from cold.
   682 | D:1      | 682 ||| READING scroll labelled QIMUCVI COGA.
   683 | D:1      | 683 ||| READING scroll labelled HAEDWE HIOGYOCW.
   729 | D:1      | 729 ||| READING scroll labelled JIRCHE OH MUO.
   730 | D:1      | 730 ||| READING scroll labelled QOHISKYCZ HOULU.
   730 | D:1      | Identified a scroll of acquirement
   730 | D:1      | 730 ||| ACQUIRING 918 gold pieces
   730 | D:1      | Acquired 918 gold pieces
   732 | D:1      | 732 ||| DRINKING 2 yellow potions.
   834 | D:2      | 834 ||| Stepping ~*~*~tactically~*~*~ (stealth).
   939 | D:2      | Found an iron altar of Okawaru.
   940 | D:2      | 940 ||| PLANNING OKAWARU WORSHIP
   940 | D:2      | 940 ||| UPGRADING to +2 ring mail of fire resistance.
   950 | D:2      | 950 ||| DROPPING +0 scale mail.
   951 | D:2      | 951 ||| READING 2 scrolls labelled NARCHU KIOTH.
   952 | D:2      | 952 ||| READING scroll of enchant armour.
   952 | D:2      | 952 ||| ENCHANTING +0 helmet.
   959 | D:2      | Became a worshipper of Warmaster Okawaru
   960 | D:2      | 960 ||| PLANNING D:1-11
  1248 | D:2      | Identified the +0 robe of Fovup {SInv}
  1392 | D:3      | Found a glowing golden altar of the Shining One.
  1521 | D:3      | Noticed Sigmund
  1531 | D:3      | HP: 5/23 [Sigmund/+3 scythe of protection (2)]
  1533 | D:3      | 1533 ||| FLEEEEING.
  1537 | D:3      | HP: 4/23 [something (2)]
  1541 | D:3      | Reached XP level 4. HP: 4/28 MP: 4/4
  1544 | D:3      | Slain by Sigmund

Levels and vault maps discovered:
D:1:      shiori_arrival_maze, layout_rooms, shapermc_ecumenical_altar_acropolis
D:2:      layout_loops_ring, basic_altar
D:3:      layout_basic, mainiacjoe_overflow_catwalk, nicolae_vehumet_radiance,
          kennysheep_another_room, st_stairs_1, uniq_sigmund

Skill      XL: |  1  2 |
---------------+-------+-----
Axes           | 2 3 |  3.8
Fighting       | |  3.2
Armour         | |  3.2
Shields        | |  3.2

Action                   |  1- 3 |  4- 6 || total
-------------------------+-------+-------++-------
Melee: War axe           |    99 |       ||    99
  Use: Scroll            |     6 |       ||     6
       Potion            |     1 |       ||     1
Armor: Scale mail        |    26 |       ||    26
       Ring mail         |    13 |       ||    13
Dodge: Dodged            |    47 |       ||    47
Block: Buckler           |    19 |       ||    19

Table legend:
 A = Non-vault XP
 B = Vault XP
 C = Vault XP percentage of total XP
 D = Non-vault monster count
 E = Vault monster count
 F = Vault count percentage of total count
                 A         B        C        D         E       F
            +---------+---------+-------+---------+---------+-------
      Total |      80 |       3 |   3.6 |      30 |       2 |   6.2
            +---------+---------+-------+---------+---------+-------
        D:1 |      31 |       3 |   8.8 |      17 |       2 |  10.5
        D:2 |      36 |       0 |   0.0 |       8 |       0 |   0.0
        D:3 |      13 |       0 |   0.0 |       5 |       0 |   0.0
            +---------+---------+-------+---------+---------+-------
